 Dungeon Crawl Stone Soup version 0.28-a0-1624-g820543e53a (webtiles) character file.

Game seed: 3014137369465131946

16 a3don the Magician (level 2, 0/17 HPs)
             Began as an Octopode Hedge Wizard on Jan 23, 2022.
             Slain by an adder (3 damage)
             ... on level 2 of the Dungeon.
             The game lasted 00:03:27 (1140 turns).

a3don the Magician (Octopode Hedge Wizard)          Turns: 1140, Time: 00:03:28

Health: 0/17       AC:  1    Str:  9    XL:     2   Next: 58%
Magic:  3/6        EV: 13    Int: 16    God:
Gold:   58         SH:  0    Dex: 11    Spells: 4/7 levels left

rFire   + . .      SeeInvis .   a - +0 dagger
rCold   . . .      Faith    .   (no shield)
rNeg    . . .      Spirit   .   k - +0 hat
rPois   .          Reflect  .   (no amulet)
rElec   .          Harm     .   j - ring of protection from fire
rCorr   .          Rampage  .   (no ring)
Will    .....                   (no ring)
Stlth   +++.......              (no ring)
HPRegen 0.05/turn               (no ring)
MPRegen 0.10/turn               (no ring)
                                (no ring)
                                (no ring)

@: no status effects
A: almost no armour, amphibious, 8 rings, camouflage 1, gelatinous body 1,
(nimble swimmer 1), tentacles
a: no special abilities


You were on level 2 of the Dungeon.
You visited 1 branch of the dungeon, and saw 2 of its levels.

You collected 58 gold pieces.

Inventory:

Hand Weapons
 a - a +0 dagger (weapon)
 b - a +0 hunting sling
Missiles
 l - 25 stones
Armour
 k - a +0 hat (worn)
 m - an orb of light
Jewellery
 j - a ring of protection from fire (left tentacle)
Scrolls
 e - a scroll of identify {unknown}
 f - a scroll of amnesia {unknown}
 i - 2 scrolls of teleportation {unknown}
Potions
 c - a potion of magic {unknown}
 d - 2 potions of berserk rage {unknown}
 g - a potion of mutation {unknown}
 h - a potion of ambrosia {unknown}


   Skills:
 + Level 2.2 Dodging
 + Level 3.0 Stealth
 + Level 3.1 Spellcasting
 + Level 1.4 Conjurations
 + Level 1.3 Summonings
 + Level 1.2 Translocations


You had 4 spell levels left.
You knew the following spells:

 Your Spells              Type           Power      Damage    Failure   Level
a - Magic Dart            Conj           24%        1d4       11%         1
b - Call Imp              Summ           6%         N/A       16%         2

Your spell library contained the following spells:

 Spells                   Type           Power      Damage    Failure   Level
 Blink                    Tloc           12%        N/A       17%         2
 Slow                     Hex            8%         N/A       19%         1
 Conjure Flame            Conj/Fire      4%         6-21      38%         3
 Mephitic Cloud           Conj/Pois/Air  3%         N/A       43%         3


Dungeon Overview and Level Annotations

Branches:
Dungeon (2/15)

Altars:
Gozag

Shops:
D:1 [


Innate Abilities, Weirdness & Mutations

You cannot wear most types of armour.
You are amphibious.
You can wear up to eight rings at the same time.
Your skin changes colour to match your surroundings (Stealth+).
Your rubbery body absorbs attacks. (AC +1, EV +1)
((You are camouflaged when in or above water. (Stealth+)))
You have tentacles for arms and can constrict up to eight enemies at once.


Message History

Your squeeze misses the adder.
The adder is heavily wounded.
You feel sick. The adder bites you. The adder misses you.
You closely miss the adder. Your grab misses the adder.
The adder is heavily wounded.
You feel sick.
Your crimson imp blinks!
The adder closely misses you.
You miss the adder. Your grab misses the adder.
The adder is heavily wounded.
You feel sick. The adder barely misses you.
You hit the adder but do no damage. Your grab misses the adder.
Your squeeze misses the adder.
The adder is heavily wounded.
You feel sick.
You are no longer poisoned.
The adder barely misses you.
Your crimson imp misses the adder.
The adder misses you.
You barely miss the adder. Your grab misses the adder.
The adder is heavily wounded.
Your crimson imp barely misses the adder.
The adder closely misses you.
You hit the adder. Your grab misses the adder.
The adder is severely wounded.
The adder bites you.
Your crimson imp hits the adder but does no damage.
Your magical contamination has completely faded away.
You barely miss the adder. Your grab misses the adder.
Your squeeze misses the adder.
The adder is severely wounded.
The adder bites you.
* * * LOW HITPOINT WARNING * * *
Your crimson imp misses the adder.
The adder closely misses you.
Your crimson imp blinks!
The adder barely misses you.
Your crimson imp blinks!
The adder closely misses you. The adder closely misses you.
The adder bites you.
You die...

#...# # #..ยง# #...#.# #...#
######...#.## #...#
..)...).....### #...#
..#........... ##.##
)...........###########.#
..#.#.........#.........#######
..#.#...........#######.......#
..........._....@S......#####.#
.##.##.##.......######### #.#
.##.##.##.....#.# #.###
.......######...#######. #....
######## ##.......... #####
#.########. #.# ### #.# ##.##
#.# ##.#.#


You could see an adder.

Vanquished Creatures
  A dart slug (D:1)
  2 endoplasms (D:2)
  4 goblins
  A frilled lizard (D:1)
  2 kobolds (D:2)
  2 rats
12 creatures vanquished.

Vanquished Creatures (collateral kills)
  A ball python (D:1)
1 creature vanquished.

Grand Total: 13 creatures vanquished

Notes
Turn   | Place    | Note
-------+----------+-------------------------------------------
     0 | D:1      | a3don the Octopode Hedge Wizard began the quest for the
                  | Orb.
     0 | D:1      | Reached XP level 1. HP: 11/11 MP: 4/4
    79 | D:1      | Found Gabom's Armour Shop.
   399 | D:1      | Reached XP level 2. HP: 17/17 MP: 3/6
   402 | D:1      | Learned a level 2 spell: Call Imp
   921 | D:2      | Found an opulent altar of Gozag.
  1140 | D:2      | Slain by an adder

Illustrated notes

Levels and vault maps discovered:
D:1:      dpeg_arrival_ternary, layout_basic, serial_shops,
          nicolae_shop_hallway_plus
D:2:      layout_loops_cross, basic_altar, shapermc_ecumenical_altar_petra

Skill      XL: |  1  2 |
---------------+-------+-----
Stealth        | 3 |  3.0
Dodging        | |  2.2
Spellcasting   | |  3.1
Conjurations   | |  1.4
Summonings     | |  1.3
Translocations | |  1.2

Action                   || total
-------------------------++-------
Melee: Dagger            ||    13
       Constrict         ||     2
       Tentacles         ||     2
 Fire: Hunting sling     ||     5
 Cast: Magic Dart        ||    24
       Call Imp          ||     2
Armor: Skin              ||     1
Dodge: Dodged            ||    17

Table legend: (Time is in decaauts)
 A = Elapsed time spent in this place.
 B = Non-inter-level travel time spent in this place.
 C = Inter-level travel time spent in this place.
 D = Time resting spent in this place.
 E = Time spent auto-exploring this place.
 F = Levels seen in this place.
 G = Mean time per level.
                   A        B        C        D        E       F      G
               +--------+--------+--------+--------+--------+-----+--------+
         Total |   1139 |   1111 |     28 |     70 |    912 |   2 |  569.5 |
       Dungeon |   1139 |   1111 |     28 |     70 |    912 |   2 |  569.5 |
               +--------+--------+--------+--------+--------+-----+--------+

Top non-repeatable levels by time:
     D:1: 784 daAuts
     D:2: 354 daAuts
